 Dungeon Crawl Stone Soup version 0.29.1-13-g9f3cf754e1 (webtiles) character file.

Game seed: 6123991100065406805

80 zlionsfan the Sneak (level 4, -3/58 HPs)
             Began as a Meteoran Delver on Jan 23, 2023.
             Was a Follower of Cheibriados.
             Slain by Grinder (4 damage)
             ... on level 3 of the Dungeon.
             The game lasted 00:05:21 (2236 turns).

zlionsfan the Sneak (Meteoran Delver)               Turns: 2236, Time: 00:05:21

Health: -3/58      AC: 22    Str: 18    XL:     4   Next: 98%
Magic:  5/5        EV:  2    Int: 13    God:    Cheibriados [*.....]
Gold:   103        SH:  0    Dex: 17    Spells: 3/3 levels left

rFire   . . .      SeeInvis .   a - +0 mace
rCold   . . .      Faith    .   (no shield)
rNeg    . . .      Spirit   .   (body armour currently unavailable)
rPois   +          Reflect  .   (helmet currently unavailable)
rElec   .          Harm     .   (cloak currently unavailable)
rCorr   .          Rampage  .   (gloves currently unavailable)
Will    .....      NoTele   +   (boots currently unavailable)
Stlth   +.........              (no amulet)
HPRegen 0.19/turn               (no ring)
MPRegen 0.09/turn               (no ring)

@: tree-form, glowing, very slow
A: stationary, stasis, torment immunity, boosted hp, sense surroundings 1,
otherworldly, glowing, explore regen
a: Renounce Religion, Bend Time


You were on level 3 of the Dungeon.
You worshipped Cheibriados.
Cheibriados was aware of your devotion.
You were a tree.
You visited 1 branch of the dungeon, and saw 5 of its levels.

You collected 103 gold pieces.

Inventory:

Hand Weapons
 a - a +0 mace (weapon)
Missiles
 w - 2 javelins (quivered)
Armour
 b - a +0 leather armour
 m - a +0 ring mail (melded)
Jewellery
 u - a ring of fire
Wands
 g - a wand of digging (3)
Scrolls
 c - a scroll of fog
 d - 2 scrolls of magic mapping
 e - 2 scrolls of fear
 k - a scroll of enchant armour {unknown}
 l - 2 scrolls of immolation {unknown}
 p - a scroll of teleportation {unknown}
 r - 3 scrolls of amnesia {unknown}
 s - 6 scrolls of identify {unknown}
Potions
 h - 2 potions of flight {unknown}
 i - a potion of magic {unknown}
 j - a potion of curing {unknown}
 n - a potion of invisibility {unknown}
 o - a potion of attraction {unknown}
 q - a potion of mutation {unknown}
 t - a potion of lignification
 v - a potion of might {unknown}


   Skills:
 * Level 3.6 Fighting
 * Level 4.0 Maces & Flails
 * Level 1.8 Armour
 + Level 2.7 Dodging
 + Level 4.1 Stealth


You had 3 spell levels left.
You didn't know any spells.
Your spell library was empty.

Dungeon Overview and Level Annotations

Branches:
Dungeon (5/15) Zot: 1572
 Temple: D:4-7

Altars:
Ashenzari
Cheibriados
Fedhas
Gozag
Vehumet

Annotations:
D:3 Grinder


Innate Abilities, Weirdness & Mutations

You are a tree.
Your roots penetrate the ground, keeping you stationary.
You cannot be teleported.
You are immune to unholy pain and torment.
Your maximum health is greatly increased.
Your equipment is partially melded.
You passively map a small area around you.
You are easily found by Zot.
You glow in the dark.
You regain HP and MP as you explore.


Message History

Pain shoots through your body! Grinder hits you.
You hit Grinder. You punch Grinder, but do no damage.
Grinder is heavily wounded.
Grinder barely misses you.
You hit Grinder.
Grinder is severely wounded.
Grinder gestures at you. You resist with significant effort.
You hit Grinder.
Grinder is severely wounded.
Grinder hits you.
You writhe in agony.
You hit Grinder.
Grinder is severely wounded.
Grinder hits you.
You writhe in agony.
You hit Grinder but do no damage.
Grinder is severely wounded.
Grinder hits you but does no damage. Grinder gestures at you.
You suddenly lose the ability to move!
Grinder hits you.
* * * LOW HITPOINT WARNING * * *
You writhe in agony.
* * * LOW HITPOINT WARNING * * *
Grinder gestures at you. Pain shoots through your body!
* * * LOW HITPOINT WARNING * * *
You can move again.
Unknown command.
It was a potion of lignification.
You turn into a tree.
Your +0 ring mail melds into your body.
Your roots penetrate the ground.
Grinder barely misses you.
You barely miss Grinder.
Grinder is severely wounded.
Grinder hits you but does no damage.
You hit Grinder.
Grinder is almost dead.
Grinder hits you!
* * * LOW HITPOINT WARNING * * *
You writhe in agony.
You die...

########### ###
......<...# ... *
.########.# ,.... ,
#.# ...# * * #.## #..,
* # #..#######.#,,* **
* #.......#.......## ,
* .......(.....5♣..# *
* *
*#..####..###.#......#
*, .. #..# #.#......#
* * #... #.#........ ,
*, ..##,#.######### *
* .### #.# , ,*#. #.#
*, ,, * #(# , *


You could see Grinder.

Vanquished Creatures
  3 adders
  2 worms (D:2)
  2 dart slugs (D:2)
  4 ball pythons
  5 bats
  5 endoplasms
  2 goblins
  6 hobgoblins
  A quokka (D:2)
  2 frilled lizards (D:1)
  3 kobolds
  8 rats
43 creatures vanquished.

Notes
Turn   | Place    | Note
-------+----------+-------------------------------------------
     0 | D:5      | zlionsfan the Meteoran Delver began the quest for the Orb.
     0 | D:5      | Reached XP level 1. HP: 19/19 MP: 2/2
    48 | D:4      | Reached XP level 2. HP: 9/26 MP: 3/3
   102 | D:4      | Noticed a bullfrog
   184 | D:3      | Found a radiant altar of Vehumet.
   186 | D:3      | Found a snail-covered altar of Cheibriados.
   192 | D:3      | Found a blossoming altar of Fedhas.
   192 | D:3      | Found an opulent altar of Gozag.
   202 | D:3      | Became a worshipper of Cheibriados the Contemplative
   252 | D:1      | Reached XP level 3. HP: 31/31 MP: 4/4
   473 | D:1      | Found a faded altar of an unknown god.
  1490 | D:2      | Reached * piety under Cheibriados
  1514 | D:2      | Reached skill level 1 in Armour
  1514 | D:2      | Reached XP level 4. HP: 24/38 MP: 5/5
  1517 | D:2      | Found a broken altar of Ashenzari.
  2212 | D:3      | Noticed Grinder
  2231 | D:3      | Paralysed by Grinder for 3 turns
  2236 | D:3      | HP: 1/58 [Grinder (8)]
  2236 | D:3      | Slain by Grinder

Illustrated notes

Levels and vault maps discovered:
D:1:      wheals_arrival_shading, layout_loops_ring, serial_co_window_serial,
          co_window_corner_a, co_window_paths_a, co_window_paths_b,
          co_window_paths_b, co_window_paths_a, co_window_broadway_b,
          co_window_2corner, co_window_broadway_a, co_window_broadway_b,
          co_window_corner_b, co_window_of_opportunity_b, co_window_corner_b,
          co_window_4corner_a, glass_columns_a, glass_columns_b,
          shapermc_ecumenical_altar_venn, st_stairs_3, moated_statue
D:2:      layout_rooms, basic_altar, kennysheep_generic_room_5
D:3:      layout_loops_ring, nicolae_kikubaaqudgha_miasma_corner,
          mainiacjoe_overflow_alcove_3, minmay_strange_pillars, uniq_grinder
D:4:      layout_basic, general_overflow_altar, temple_statues
D:5:      layout_basic, portal_sewer_entry_c, uniq_prince_ribbit1

Skill      XL: |  1  2  3  4 |
---------------+-------------+-----
Maces & Flails | 3 4 |  4.0
Stealth        | 4 |  4.1
Armour         | 1 |  1.8
Fighting       | |  3.6
Dodging        | |  2.7

Action                   |  1- 3 |  4- 6 || total
-------------------------+-------+-------++-------
Melee: Mace              |    89 |    93 ||   182
       Punch             |     1 |     1 ||     2
Throw: Javelin           |       |     3 ||     3
  Use: Potion            |       |     1 ||     1
 Stab: Sleeping          |     3 |       ||     3
Armor: Leather armour    |     8 |       ||     8
       Ring mail         |    25 |    45 ||    70
       Skin              |       |     1 ||     1
Dodge: Dodged            |    50 |    60 ||   110
